 Dungeon Crawl Stone Soup version 0.22-b1-21-g5cfc168 (webtiles) character file.

46 goulibeur the Unweaver (level 3, 0/29 HPs)
             Began as a Demonspawn Abyssal Knight on Aug 3, 2018.
             Was a Follower of Lugonu.
             Slain by a worker ant (5 damage)
             ... on level 2 of the Dungeon.
             The game lasted 00:04:16 (1201 turns).

goulibeur the Unweaver (Demonspawn Abyssal Knight)  Turns: 1201, Time: 00:04:17

Health: 0/29       AC:  3    Str: 12    XL:     3   Next: 44%
Magic:  0/5        EV: 11    Int: 13    God:    Lugonu [*.....]
Gold:   73         SH:  0    Dex: 13    Spells: 2/2 levels left

rFire    . . .     SeeInvis .   a - +1 short sword
rCold    . . .     Gourm    .   (no shield)
rNeg     . . .     Faith    .   b - +0 leather armour
rPois    .         Spirit   +   (no helmet)
rElec    .         Reflect  .   (no cloak)
rCorr    .         Harm     .   (no gloves)
MR       .....                  (no boots)
Stlth    +.........             (no amulet)
HPRegen  0.09/turn              (no ring)
MPRegen  0.18/turn              (no ring)

@: lethally poisoned (0 -> -9)
A: magic shield, magic regeneration
a: Depart the Abyss, Renounce Religion


You were on level 2 of the Dungeon.
You worshipped Lugonu.
Lugonu was aware of your devotion.
You were not hungry.

You visited 1 branch of the dungeon, and saw 2 of its levels.
You visited the Abyss 1 time.

You collected 73 gold pieces.

Inventory:

Hand Weapons
 a - a +1 short sword (weapon)
Armour
 b - a +0 leather armour (worn)
Scrolls
 d - a scroll of teleportation {unknown}
 e - a scroll of enchant weapon {unknown}
 h - a scroll of noise {unknown}
Potions
 g - a potion of resistance {unknown}
Comestibles
 c - 6 rations
 f - a chunk of flesh


   Skills:
 + Level 3.3 Fighting
 - Level 1.7 Short Blades
 + Level 2.2 Armour
 + Level 1.4 Dodging
 * Level 3.6 Invocations


You had 2 spell levels left.
You didn't know any spells.
Your spell library was empty.

Dungeon Overview and Level Annotations

Branches:
Dungeon (2/15)

Altars:


Innate Abilities, Weirdness & Mutations

When hurt, damage is shared between your health and your magic reserves.
You regenerate magic rapidly.


Message History

You feel sick.
The worker ant bites you but does no damage.
You hit the worker ant but do no damage.
The worker ant is moderately wounded.
The worker ant bites you. x2
You completely miss the worker ant.
The worker ant is moderately wounded.
The worker ant bites you.
* * * LOW HITPOINT WARNING * * *
You are lethally poisoned!
The worker ant poisons you!
You hit the worker ant but do no damage.
The worker ant is moderately wounded.
* * * LOW HITPOINT WARNING * * *
You feel sick. The worker ant closely misses you.
You hit the worker ant.
The worker ant is heavily wounded.
* * * LOW HITPOINT WARNING * * *
You feel sick. The worker ant bites you.
You die...

#. .# .##...##........# ##.
..#....#..##.....#.#
....##a##..###..........#
##...........#.........#
#......##..#.#.#.......#
...........#...#.......#
...........#...........###
...........##.##.....#...#
.............ga@..####.#.#
............#####.# #.#.####
..................####......#
............................#
........#####...............#
....... #..............##
...... #..........##### ....
############


You could see a worker ant and a goblin.

Vanquished Creatures
  An ooze (D:1)
  A worm (D:2)
  A dart slug (D:1)
  3 giant cockroaches
  3 goblins (D:1)
  5 hobgoblins (D:1)
  7 jackals (D:1)
  6 kobolds (D:1)
  A bat (D:1)
  3 frilled lizards (D:1)
  3 rats (D:1)
34 creatures vanquished.

Notes
Turn   | Place    | Note
-------+----------+-------------------------------------------
     0 | Abyss:1  | goulibeur the Demonspawn Abyssal Knight began the quest for the Orb.
     0 | Abyss:1  | Reached XP level 1. HP: 18/18 MP: 2/2
     1 | Abyss:1  | Found a corrupted altar of Lugonu.
    56 | Abyss:1  | Noticed a rakshasa
    57 | D:1      | Escaped the Abyss
    65 | D:1      | Reached skill level 1 in Dodging
   177 | D:1      | Reached * piety under Lugonu
   207 | D:1      | Gained mutation: When hurt, damage is shared between your health and your magic reserves. [demonic ancestry]
   207 | D:1      | Reached XP level 2. HP: 22/24 MP: 4/4
   568 | D:1      | Gained mutation: You regenerate magic rapidly. [demonic ancestry]
   568 | D:1      | Reached XP level 3. HP: 29/29 MP: 5/5
  1201 | D:2      | Slain by a worker ant

Skill      XL: |  1  2 |
---------------+-------+-----
Dodging        | 1 |  1.4
Armour         | 2 |  2.2
Invocations    | 3 |  3.6
Fighting       | |  3.3
Short Blades   | |  1.7

Action                   || total
-------------------------++-------
Melee: Short sword       ||   119
Invok: Depart the Abyss  ||     1
  Eat: Chunk             ||     1
Armor: Leather armour    ||    27
Dodge: Dodged            ||    73
